 Dungeon Crawl Stone Soup version 0.28-a0-1429-gf3d713df7a (webtiles) character file.

Game seed: 3208527697875346015

2732 Armakuni the Destroyer (level 9, -5/62 HPs)
             Began as a Green Draconian Conjurer on Jan 8, 2022.
             Slain by a boulder beetle (27 damage)
             ... on level 6 of the Dungeon.
             The game lasted 00:18:21 (7143 turns).

Armakuni the Destroyer (Green Draconian Conjurer)   Turns: 7143, Time: 00:18:22

Health: -5/62      AC:  2    Str:  9    XL:     9   Next: 40%
Magic:  15/17      EV: 19    Int: 29    God:
Gold:   188        SH:  0    Dex: 21    Spells: 0/19 levels left

rFire   . . .      SeeInvis .   (weapon currently unavailable)
rCold   . . .      Faith    .   (shield currently unavailable)
rNeg    . . .      Spirit   .   (armour unavailable)
rPois   x          Reflect  .   (helmet currently unavailable)
rElec   .          Harm     .   (cloak currently unavailable)
rCorr   .          Rampage  .   (gloves currently unavailable)
Will    .....                   (boots currently unavailable)
Stlth   ++........              (no amulet)
HPRegen 0.20/turn               D - +6 ring of dexterity
MPRegen 0.15/turn               I - +6 ring of intelligence

@: spider-form
A: venomous fangs, (breathe noxious fumes), AC +7, tiny, unfitting armour,
(poison resistance), (cold-blooded)
a: End Transformation


You were on level 6 of the Dungeon.
You were a venomous arachnid creature.
You visited 1 branch of the dungeon, and saw 6 of its levels.

You collected 188 gold pieces.

Inventory:

Hand Weapons
 a - a +3 quarterstaff of chaos (melded)
Missiles
 c - 16 sling bullets
 e - 12 poisoned darts
Armour
 d - a +0 pair of gloves (melded)
 m - a +2 pair of boots (melded)
 p - a +0 cloak of willpower (melded)
Jewellery
 D - a +6 ring of dexterity (left front leg)
 I - a +6 ring of intelligence (right front leg)
Wands
 k - a wand of digging (5)
 v - a wand of flame (65)
Scrolls
 b - a scroll of vulnerability
 j - a scroll of fog
 n - 2 scrolls of identify
Potions
 f - 2 potions of lignification {unknown}
 g - a potion of might {unknown}
 h - 2 potions of curing
 i - a potion of heal wounds {unknown}
 l - a potion of haste


   Skills:
 - Level 1.7 Dodging
 - Level 1.7 Stealth
 - Level 5.8 Spellcasting
 - Level 10.0 Conjurations
 + Level 8.3 Poison Magic


You couldn't memorise any spells.
You knew the following spells:

 Your Spells              Type           Power      Damage    Failure   Level
a - Apportation           Tloc           16%        N/A       17%         1
h - Spider Form           Tmut/Pois      32%        N/A       11%         3
i - Alistair's Intoxicat  Tmut/Pois      21%        N/A       50%         5
m - Iskenderun's Mystic   Conj/Tloc      37%        2d9       21%         4
p - Fulminant Prism       Conj/Hex       18%        3d11      21%         4
z - Searing Ray           Conj           100%       2d8       1%          2

Your spell library contained the following spells:

 Spells                   Type           Power      Damage    Failure   Level
 Magic Dart               Conj           100%       1d8       1%          1
 Dazzling Flash           Conj/Hex       74%        N/A       9%          3
 Ensorcelled Hibernation  Hex/Ice        16%        N/A       22%         2
 Passwall                 Tmut/Erth      6%         N/A       22%         2
 Swiftness                Air            8%         N/A       36%         3


Dungeon Overview and Level Annotations

Branches:
Dungeon (6/15)
 Temple: D:4-7

Altars:


Innate Abilities, Weirdness & Mutations

You are a venomous arachnid creature.
You have poisonous fangs.
You are tiny and dextrous.
Your spellcasting is less reliable in this form.
Your armour is entirely melded.
You are incapable of wielding weapons or throwing items.
((You can breathe blasts of noxious fumes.))
((Your lurid green scales are hard. (AC +7)))
You cannot fit into any form of body armour.
((Your system is resistant to poisons. (rPois)))
((You are cold-blooded and may be slowed by cold attacks.))


Message History

You start resting.
You have got your breath back.
You start resting.
HP restored.
You start resting.
A boulder beetle is nearby!
Aiming: Breathe Noxious Fumes (4% risk of failure)
Press: ? - help, Shift-Dir - straight line, f - boulder beetle
Aim: a boulder beetle (wandering, hasn't noticed you)
You exhale a blast of noxious fumes.
The blast of choking fumes hits the boulder beetle but does no damage.
The boulder beetle is engulfed in noxious fumes.
Casting: Searing Ray (safe; 1% risk of failure)
Confirm with . or Enter, or press ? or * to list all spells.
You turn into a venomous arachnid creature.
Your +3 quarterstaff of chaos melds into your body.
Your +0 cloak of willpower melds into your body.
Your +0 pair of gloves melds into your body.
Your +2 pair of boots melds into your body.
You feel less strong-willed.
The boulder beetle is engulfed in noxious fumes.
The boulder beetle leaps!
The boulder beetle curls into a ball and begins rolling!
You hit the boulder beetle but do no damage.
The boulder beetle is poisoned.
The boulder beetle is engulfed in noxious fumes.
The boulder beetle appears confused.
The boulder beetle hits you!!!
Ouch! That really hurt!
The boulder beetle stops rolling and uncurls.
You hear a shout!
You hit the boulder beetle but do no damage.
The boulder beetle looks as sick as possible!
The boulder beetle is lightly wounded.
The boulder beetle closely misses you.
There is a stone staircase leading up, spattered with blood here.
You hit the boulder beetle but do no damage.
The boulder beetle is moderately wounded.
You have got your breath back.
The boulder beetle bites you!!
You die...

#........# # +.......# ..
#####..# .#. ##'##...##
.##...#...
.'..##.[##....#...#...'...
#............#.(.'...#...
#..##........#...#...#..
## ##........#..##..##.#
#...>...>.#..##..##.##
#...>sB..##..##.......
#........##..##......)
##..###'###...)[).....
##..##...##..####S####
#....#.......##...####
#....#................
#....#................
#....#...##..##.####'#
####
#...##...##..##.####..


You could see a boulder beetle (confused, very poisoned).

Vanquished Creatures
  Pikel (D:4)
  A troll (D:6)
  Sigmund (D:4)
  Edmund (D:4)
  3 water moccasins
  2 ice beasts
  2 black bears
  2 ogres
  A necrophage (D:6)
  2 lemures (D:4)
  A phantom (D:5)
  A bullfrog (D:6)
  A water moccasin skeleton (D:6)
  A bullfrog zombie (D:6)
  A centaur zombie (D:6)
  A bullfrog skeleton (D:6)
  5 orc priests
  A gnoll shaman (D:6)
  Crazy Yiuf (D:5)
  A centaur skeleton (D:5)
  2 hounds
  2 iguanas (D:5)
  Ijyb (D:4)
  A killer bee zombie (D:5)
  9 adders
  2 white imps
  2 ufetubi
  2 worms (D:2)
  A dart slug (D:4)
  17 orcs
  3 bats
  2 endoplasms (D:2)
  5 giant cockroaches
  5 goblins
  5 hobgoblins
  9 jackals
  8 kobolds
  A quokka (D:1)
  8 ball pythons
  5 frilled lizards
  5 rats
125 creatures vanquished.

Vanquished Creatures (others)
  5 fulminant prisms
5 creatures vanquished.

Grand Total: 130 creatures vanquished

Notes
Turn   | Place    | Note
-------+----------+-------------------------------------------
     0 | D:1      | Armakuni the Draconian Conjurer began the quest for the
                  | Orb.
     0 | D:1      | Reached XP level 1. HP: 14/14 MP: 3/3
   222 | D:1      | Reached XP level 2. HP: 20/20 MP: 1/5
   279 | D:1      | Learned a level 2 spell: Searing Ray
  1075 | D:2      | Reached XP level 3. HP: 26/26 MP: 0/7
  1954 | D:3      | Reached XP level 4. HP: 33/33 MP: 5/8
  1967 | D:3      | Reached skill level 5 in Conjurations
  3078 | D:4      | Noticed Ijyb
  3088 | D:4      | Killed Ijyb
  3089 | D:4      | Reached XP level 5. HP: 35/38 MP: 0/10
  3421 | D:4      | Learned a level 4 spell: Iskenderun's Mystic Blast
  3426 | D:4      | Learned a level 4 spell: Fulminant Prism
  3473 | D:4      | Learned a level 1 spell: Apportation
  3583 | D:4      | Noticed Edmund
  3616 | D:4      | Killed Edmund
  3617 | D:4      | Reached skill level 6 in Conjurations
  3617 | D:4      | Reached XP level 6. HP: 42/45 MP: 1/12
  3777 | D:4      | Noticed Pikel
  3801 | D:4      | Killed Pikel
  3802 | D:4      | Reached skill level 5 in Spellcasting
  3802 | D:4      | Reached skill level 7 in Conjurations
  3802 | D:4      | Your scales start taking on a lurid green colour.
  3802 | D:4      | Reached XP level 7. HP: 33/50 MP: 0/15
  3802 | D:4      | Gained mutation: Your system is resistant to poisons.
                  | (rPois) [Green Draconian growth]
  3992 | D:4      | Learned a level 5 spell: Alistair's Intoxication
  4164 | D:4      | Noticed Sigmund
  4173 | D:4      | Killed Sigmund
  4295 | D:4      | Reached XP level 8. HP: 55/57 MP: 6/16
  4478 | D:5      | Entered Level 5 of the Dungeon
  4645 | D:5      | Reached skill level 8 in Conjurations
  4979 | D:5      | Reached skill level 5 in Poison Magic
  5091 | D:5      | Found a runed translucent door.
  5092 | D:5      | Noticed Crazy Yiuf
  5594 | D:5      | Killed Crazy Yiuf
  5595 | D:5      | Reached skill level 9 in Conjurations
  5722 | D:6      | Noticed a troll
  6037 | D:6      | Reached XP level 9. HP: 60/62 MP: 9/17
  6260 | D:6      | Noticed a cyclops
  6609 | D:6      | Noticed a boulder beetle
  6691 | D:5      | Learned a level 3 spell: Spider Form
  6879 | D:6      | Killed a troll
  7059 | D:6      | Reached skill level 10 in Conjurations
  7143 | D:6      | Slain by a boulder beetle

Illustrated notes

Levels and vault maps discovered:
D:1:      enne_arrival_octagon_isle, layout_loops_ring
D:2:      layout_rooms, fountainhead
D:3:      layout_basic, minmay_misc_feat_four_crosses, nrook_mini_vaults,
          nrook_uturn, grunt_ministairs_10, bh_walls_and_bars
D:4:      layout_basic, uniq_ijyb, uniq_pikel, uniq_sigmund, uniq_edmund
D:5:      layout_basic, uniq_crazy_yiuf_cottage
D:6:      cheibrodos_fzero, layout_gridville, serial_shops, shop,
          hangedman_decor_push, uniq_menkaure

Skill      XL: |  1  2  3  4  5  6  7  8  9 |
---------------+----------------------------+-----
Spellcasting   | 3 4 5 |  5.8
Conjurations   | 5 6 7 9 10 | 10.0
Poison Magic   | 2 6 8 |  8.3
Dodging        | |  1.7
Stealth        | |  1.7

Action                   |  1- 3 |  4- 6 |  7- 9 || total
-------------------------+-------+-------+-------++-------
Melee: Whip              |     2 |    11 |       ||    13
       Tailslap          |     2 |     2 |     1 ||     5
       Mace              |     3 |       |       ||     3
       Flail             |       |     7 |    15 ||    22
       Quarterstaff      |       |       |     3 ||     3
       Unarmed           |       |       |    14 ||    14
 Cast: Magic Dart        |    14 |     1 |       ||    15
       Searing Ray       |    25 |    29 |    42 ||    96
       Fulminant Prism   |       |     1 |     4 ||     5
       Iskenderun's Myst |       |       |     1 ||     1
       Spider Form       |       |       |     2 ||     2
 Abil: Breathe Noxious F |       |       |    11 ||    11
Evoke: Wand              |       |       |     7 ||     7
  Use: Scroll            |     1 |     3 |     8 ||    12
       Potion            |       |     2 |       ||     2
 Stab: Sleeping          |       |     1 |       ||     1
       Confused          |       |       |     2 ||     2
Armor: Skin              |     3 |    12 |    45 ||    60
Dodge: Dodged            |    13 |    25 |    76 ||   114

Table legend: (Time is in decaauts)
 A = Elapsed time spent in this place.
 B = Non-inter-level travel time spent in this place.
 C = Inter-level travel time spent in this place.
 D = Time resting spent in this place.
 E = Time spent auto-exploring this place.
 F = Levels seen in this place.
 G = Mean time per level.
                   A        B        C        D        E       F      G
               +--------+--------+--------+--------+--------+-----+--------+
         Total |   7175 |   6907 |    268 |   2242 |   3409 |   6 | 1195.8 |
       Dungeon |   7175 |   6907 |    268 |   2242 |   3409 |   6 | 1195.8 |
               +--------+--------+--------+--------+--------+-----+--------+

Top non-repeatable levels by time:
     D:5: 1962 daAuts
     D:3: 1523 daAuts
     D:4: 1142 daAuts
     D:1: 971 daAuts
     D:2: 900 daAuts
     D:6: 675 daAuts
